 Dungeon Crawl Stone Soup version 0.23.2-33-g5129a83184 (webtiles) character file.

Game seed: 3813585455226824318

10835 FishyPogo the Arsonist (level 11, -2/60 HPs)
             Began as a Gargoyle Fire Elementalist on Aug 2, 2019.
             Was a High Priest of Lugonu.
             Slain by a five-headed hydra (11 damage)
             ... on level 11 of the Dungeon.
             The game lasted 02:02:30 (14204 turns).

FishyPogo the Arsonist (GrFE)                      Turns: 14204, Time: 02:02:33

Health: -2/60      AC: 23    Str: 13    XL:     11   Next: 68%
Magic:  0/21       EV: 11    Int: 18    God:    Lugonu [*****.]
Gold:   628        SH:  0    Dex: 10    Spells: 12/24 levels left

rFire    . . .     SeeInvis .   e - +2 dagger (freeze)
rCold    . . .     Gourm    .   (no shield)
rNeg     + . .     Faith    .   E - +4 ring mail
rPois    ∞         Spirit   .   (no helmet)
rElec    +         Reflect  .   y - +2 cloak
rCorr    .         Harm     .   u - +1 pair of gloves
MR       +....                  (no boots)
Stlth    ++........             (no amulet)
HPRegen  0.20/turn              q - ring of wizardry
MPRegen  0.17/turn              j - ring of protection from magic

@: about to teleport, very slow
A: negative energy resistance 1, electricity resistance, unbreathing,
petrification resistance, rot immunity, AC +8
a: Depart the Abyss, Bend Space, Banish, Corrupt, Enter the Abyss, Renounce
Religion


You were on level 11 of the Dungeon.
You worshipped Lugonu.
Lugonu was extremely pleased with you.
You were near starving.

You visited 1 branch of the dungeon, and saw 12 of its levels.

You collected 628 gold pieces.

Inventory:

Hand Weapons
 a - a +2 dagger of venom
 e - a +2 dagger of freezing (weapon)
 F - a +2 dagger of electrocution
 H - a +3 dagger of distortion
Armour
 u - a +1 pair of gloves (worn)
 y - a +2 cloak (worn)
 E - a +4 ring mail (worn)
 I - a +2 robe of fire resistance
Magical Staves
 b - an uncursed staff of fire
Jewellery
 j - a ring of protection from magic (right hand)
 q - a ring of wizardry (left hand)
Wands
 x - a wand of acid (5)
 D - a wand of digging (8)
 G - a wand of paralysis (6)
 P - a wand of random effects (16)
 S - a wand of disintegration (11)
Scrolls
 g - 11 scrolls of identify
 h - a scroll of vulnerability {unknown}
 i - 2 scrolls of amnesia
 o - 4 scrolls of enchant weapon {unknown}
 s - a scroll of fog
 v - 4 scrolls of remove curse
 z - 2 scrolls of enchant armour
 B - a scroll of noise {unknown}
 C - a scroll of silence {unknown}
 J - 2 scrolls of magic mapping
 K - a scroll of fear {unknown}
 N - a scroll of random uselessness {unknown}
 Q - 2 scrolls of immolation {unknown}
Potions
 d - a potion of brilliance {unknown}
 f - 2 potions of haste
 k - a potion of lignification {unknown}
 l - 2 potions of ambrosia {unknown}
 m - 6 potions of curing
 p - a potion of experience {unknown}
 r - 2 potions of mutation {unknown}
 w - 2 potions of might {unknown}
 A - a potion of resistance {unknown}
 L - a potion of degeneration {unknown}
 M - 2 potions of invisibility {unknown}
 R - a potion of agility
Comestibles
 c - 29 rations


   Skills:
 - Level 3.0 Fighting
 - Level 4.0 Staves
 - Level 5.0 Armour
 - Level 2.0 Dodging
 - Level 7.0 Stealth
 * Level 7.0 Spellcasting
 + Level 7.9 Conjurations
 - Level 2.0 Hexes
 * Level 8.8 Fire Magic
 + Level 3.7 Invocations
 * Level 6.7 Evocations


You had 12 spell levels left.
You knew the following spells:

 Your Spells              Type           Power        Failure   Level  Hunger
a - Flame Tongue          Conj/Fire      #####        1%          1    None
b - Throw Flame           Conj/Fire      #####.       1%          2    None
c - Fireball              Conj/Fire      #####.....   8%          5    #####..
d - Cause Fear            Hex            ##........   34%         4    ####...

Your spell library contained the following spells:

 Spells                   Type           Power        Failure   Level  Hunger
 Conjure Flame            Conj/Fire      #####...     1%          3    ##.....
 Inner Flame              Hex/Fire       ####....     2%          3    ##.....
 Sticky Flame             Conj/Fire      #####...     2%          4    ####...
 Silence                  Hex/Air        ##........   80%         5    #####..
 Yara's Violent Unravell  Hex/Tmut       ##........   80%         5    #####..
 Deflect Missiles         Chrm/Air       #.........   100%        6    #######
 Discord                  Hex            ##........   100%        8    #######


Dungeon Overview and Level Annotations

Branches:
Dungeon (12/15)            Temple (0/1) D:6            Lair (0/6) D:11
    Orc: D:9-12

Altars:
Ashenzari
Dithmenos
Elyvilon
Fedhas
Kikubaaqudgha
Makhleb
Nemelex Xobeh
Okawaru
Ru
Sif Muna
Uskayaw
Wu Jian
Xom
Yredelemnul
Zin
Lugonu

Shops:
D:5 =   D:7 *   D:9 %

Annotations:
D:7 2 transporters
D:9 2 transporters, Blodwynpig's ghost, novice MiCK
D:10 2 exclusions
Abyss:1 Maurice


Innate Abilities, Weirdness & Mutations

You are resistant to torment.
Your stone body is resilient. (AC +8)
You are immune to poison.
You resist negative energy. (rN+)
You are resistant to electric shocks. (rElec)
You can survive without breathing.
You are immune to petrification.
You are immune to rotting.


Message History

The five-headed hydra barely misses you.
The five-headed hydra bites you.
The five-headed hydra closely misses you.
The five-headed hydra bites you but does no damage.
The five-headed hydra barely misses you.
Okay, then.
The five-headed hydra bites you but does no damage.
The five-headed hydra closely misses you.
The five-headed hydra bites you but does no damage.
The five-headed hydra barely misses you.
The five-headed hydra bites you.
* * * LOW HITPOINT WARNING * * *
The eye of draining gazes at you.
The black bear bites you but does no damage.
The black bear claws you but does no damage.
The black bear barely misses you. The five-headed hydra bites you!
* * * LOW HITPOINT WARNING * * *
The five-headed hydra closely misses you.
The five-headed hydra bites you!
You die...

#........# #........# ##
#........####
...###...........#
.................#
≈≈≈..............########
≈≈..≈....................
....≈≈≈.≈..≈≈≈≈≈.........
≈.≈≈≈≈≈≈≈≈G@D≈≈...........(.
≈§....≈≈...h..........#####
...≈≈≈≈≈.≈..'........#...#
.....≈≈....#........'...#
#..........#........'....
#..........#........#....
#..........#........#....
#..........#........#....
#..........#........#.#'.


You could see a five-headed hydra, an eye of draining and a black bear.

Vanquished Creatures
  Harold (D:8)
  Erica (D:8)
  A two-headed ogre (D:7)
  2 unseen horrors
  Pikel (D:8)
  Psyche (D:8)
  A polar bear (D:11)
  Sigmund (D:6)
  A hippogriff (D:8)
  5 centaur simulacra (D:11)
  2 yaks
  Grum (D:9)
  4 slaves (D:8)
  A sky beast (D:5)
  A black bear (D:7)
  5 ice beasts
  2 phantoms (D:8)
  5 wolves
  3 centaurs
  10 ogres
  3 big kobolds
  3 bullfrogs
  2 water moccasin zombies
  6 scorpions
  2 electric eels (D:11)
  7 howler monkeys
  A lava snake (D:8)
  2 crimson imps
  3 hounds
  A centaur zombie (D:6)
  2 jellies (D:5)
  4 orc priests
  8 orc wizards
  Crazy Yiuf (D:5)
  A bullfrog skeleton (D:8)
  2 centaur skeletons
  2 iguanas
  9 worker ants
  A hound zombie (D:7)
  A hound skeleton (D:6)
  A worker ant zombie (D:9)
  13 gnolls
  18 adders
  A shadow imp (D:7)
  6 white imps
  2 adder skeletons
  7 worms
  3 dart slugs (D:1)
  4 leopard geckos
  24 orcs
  6 bats
  3 giant cockroaches
  5 hobgoblins
  7 jackals
  3 quokkas
  A ball python (D:4)
  4 frilled lizards
  7 goblins
  33 kobolds
  A leopard gecko skeleton (D:4)
  2 quokka skeletons
  8 rats
  3 plants (D:4)
272 creatures vanquished.

Vanquished Creatures (others)
  A howler monkey (D:8)
  A crimson imp (D:8)
  An iguana (D:8)
  An orc wizard (D:6)
  A plant (D:4)
5 creatures vanquished.

Grand Total: 277 creatures vanquished

Notes
Turn   | Place    | Note
-------+----------+-------------------------------------------
     0 | D:1      | FishyPogo the Gargoyle Fire Elementalist began the quest
                  | for the Orb.
     0 | D:1      | Reached XP level 1. HP: 10/10 MP: 3/3
   255 | D:1      | Reached XP level 2. HP: 15/15 MP: 3/5
   818 | D:1      | Reached XP level 3. HP: 18/19 MP: 4/6
  1194 | D:1      | Learned a level 2 spell: Throw Flame
  1815 | D:2      | Found a blossoming altar of Fedhas.
  1857 | D:2      | Reached XP level 4. HP: 15/24 MP: 0/7
  2095 | D:2      | Found a shattered altar of Ashenzari.
  2244 | D:2      | Found a faded altar of an unknown god.
  2249 | D:2      | Became a worshipper of Lugonu the Unformed
  2249 | D:2      | Reached * piety under Lugonu
  2249 | D:2      | Reached ** piety under Lugonu
  2358 | D:3      | Found a white marble altar of Elyvilon.
  2361 | D:3      | Reached skill level 1 in Armour
  2821 | D:3      | Reached XP level 5. HP: 27/28 MP: 0/8
  3417 | D:4      | Noticed a big kobold
  3436 | D:4      | Killed a big kobold
  3436 | D:4      | Reached XP level 6. HP: 27/32 MP: 0/9
  3462 | D:4      | Reached *** piety under Lugonu
  3557 | D:4      | Noticed an ice beast
  3604 | D:4      | Found a deep blue altar of Sif Muna.
  4121 | D:4      | Found a sacrificial altar of Ru.
  4132 | D:4      | Reached XP level 7. HP: 28/36 MP: 8/11
  4279 | D:4      | Found a sparkling altar of Nemelex Xobeh.
  4409 | D:4      | Reached skill level 5 in Stealth
  4542 | D:4      | Reached skill level 4 in Fire Magic
  4883 | D:5      | Entered Level 5 of the Dungeon
  4920 | D:5      | Found an iron altar of Okawaru.
  5000 | D:5      | Reached XP level 8. HP: 41/41 MP: 0/12
  5301 | D:5      | Found a runed translucent door.
  5341 | D:5      | Noticed Crazy Yiuf
  5442 | D:5      | Reached **** piety under Lugonu
  5442 | D:5      | Reached skill level 5 in Conjurations
  5724 | D:5      | Found a white marble altar of Elyvilon.
  5776 | D:5      | Found a basalt altar of Yredelemnul.
  5798 | D:5      | Found Fiafir's Jewellery Shop.
  5988 | D:5      | Learned a level 5 spell: Fireball
  5999 | D:5      | Killed Crazy Yiuf
  5999 | D:5      | Reached skill level 5 in Armour
  6143 | D:6      | Reached skill level 1 in Evocations
  6287 | D:6      | Reached skill level 5 in Fire Magic
  6322 | D:6      | Reached XP level 9. HP: 33/45 MP: 8/15
  6375 | D:6      | Noticed Sigmund
  6458 | D:6      | Found a shimmering altar of Xom.
  6458 | D:6      | Noticed an angel
  6625 | D:6      | Found a glowing silver altar of Zin.
  6876 | D:6      | Found a staircase to the Ecumenical Temple.
  7238 | D:6      | Killed Sigmund
  7238 | D:6      | Reached skill level 6 in Fire Magic
  7308 | D:6      | Killed an unseen horror
  7713 | D:7      | Found Extaafaz's Assorted Antiques.
  7722 | D:7      | Found an ancient bone altar of Kikubaaqudgha.
  7845 | D:7      | Found a burning altar of Makhleb.
  7860 | D:7      | Found a transporter.
  7861 | D:7      | Noticed a harpy
  7870 | D:7      | Found a transporter.
  7876 | D:7      | Found an ancient bone altar of Kikubaaqudgha.
  8053 | D:7      | Reached ***** piety under Lugonu
  8053 | D:7      | Reached skill level 5 in Spellcasting
  8316 | D:8      | Noticed Psyche
  8338 | D:8      | Killed Psyche
  8338 | D:8      | Reached skill level 1 in Fighting
  8338 | D:8      | Reached skill level 1 in Staves
  8338 | D:8      | Reached skill level 7 in Fire Magic
  8338 | D:8      | Reached XP level 10. HP: 50/52 MP: 3/17
  8522 | D:8      | Noticed Harold
  8592 | D:8      | Noticed Maurice
  8643 | D:8      | Noticed a two-headed ogre
  8643 | D:8      | Noticed Pikel
  8698 | D:7      | Killed a two-headed ogre
  8698 | D:7      | Reached skill level 1 in Invocations
  8698 | D:7      | Reached skill level 5 in Evocations
  8880 | D:8      | Banished Maurice
  9181 | D:8      | Killed Pikel
  9382 | D:8      | Noticed Erica
  9459 | D:8      | Found an ornate altar of the Wu Jian Council.
  9560 | D:8      | Killed Harold
  9804 | D:8      | Found a glowing silver altar of Zin.
 10206 | D:8      | Killed Erica
 10206 | D:8      | Reached skill level 8 in Fire Magic
 10206 | D:8      | Reached XP level 11. HP: 15/60 MP: 15/20
 10763 | D:8      | Found a shadowy altar of Dithmenos.
 10940 | D:9      | Noticed Grum
 10998 | D:8      | Learned a level 4 spell: Cause Fear
 11016 | D:9      | Found a transporter.
 11018 | D:9      | Noticed a catoblepas
 11047 | D:9      | Found Plog's Food Shoppe.
 11126 | D:9      | Found a hide-covered altar of Uskayaw.
 11244 | D:9      | Killed Grum
 11776 | D:9      | Noticed Blodwynpig's ghost (novice MiCK)
 11776 | D:9      | Noticed a moth of wrath
 11787 | D:9      | Found a transporter.
 12107 | D:10     | Entered Level 10 of the Dungeon
 12240 | D:10     | Reached skill level 1 in Hexes
 12320 | D:10     | Noticed a skeletal warrior
 12330 | D:10     | Noticed a cyclops
 12344 | D:10     | Noticed a four-headed hydra
 12353 | D:10     | Noticed a white ugly thing
 13420 | D:11     | Noticed a five-headed hydra
 13806 | D:11     | Found a staircase to the Lair.
 13935 | D:11     | Killed an unseen horror
 14190 | D:11     | HP: 3/60 [five-headed hydra (4)]
 14204 | D:11     | Slain by a five-headed hydra

Skill      XL: |  1  2  3  4  5  6  7  8  9 10 11 |
---------------+----------------------------------+-----
Stealth        | 3 4 5 6 7 |  7.0
Conjurations   | 2 3 4 5 6 7 |  7.9
Dodging        | 2 |  2.0
Armour         | 1 2 3 4 5 |  5.0
Spellcasting   | 3 4 5 6 7 |  7.0
Fire Magic     | 4 5 7 8 |  8.8
Evocations     | 2 4 5 6 |  6.7
Fighting       | 1 3 |  3.0
Staves         | 1 3 4 |  4.0
Invocations    | 2 3 |  3.7
Hexes          | 2 |  2.0

Action                   |  1- 3 |  4- 6 |  7- 9 | 10-12 || total
-------------------------+-------+-------+-------+-------++-------
Melee: Unarmed           |     7 |       |       |       ||     7
       Mace              |    43 |       |       |       ||    43
       Dagger            |    11 |   130 |   279 |   263 ||   683
       Staff             |       |       |    67 |    60 ||   127
 Cast: Flame Tongue      |    54 |    48 |   118 |   199 ||   419
       Throw Flame       |     9 |    19 |    42 |    52 ||   122
       Fireball          |       |       |       |    12 ||    12
Invok: Bend Space        |       |       |       |    27 ||    27
Evoke: Wand              |       |       |       |     1 ||     1
  Use: Scroll            |     1 |       |     7 |     3 ||    11
       Potion            |       |       |       |     3 ||     3
 Stab: Sleeping          |     1 |     4 |     4 |     3 ||    12
       Paralysed         |       |     1 |       |       ||     1
  Eat: Chunk             |     4 |     9 |    15 |    21 ||    49
Armor: Robe              |    19 |       |       |     8 ||    27
       Leather armour    |     1 |    48 |   151 |       ||   200
       Ring mail         |       |       |    21 |   318 ||   339
Dodge: Dodged            |    43 |    69 |   146 |   249 ||   507
